IL
BUFFALO BISONS @ MEMPHIS REDBIRDS
10/25/2048
 
TOP OF THE 1ST
Tri-City Dust Devils batting - Pitching for West Virginia Black Bears : RHP Tony Ortiz
Pitching: RHP Tony Ortiz
Batting: RHB Dave McBain 0-0: Foul Ball, location: 2F
0-1: Foul Ball, location: 2F
0-2: Ball
1-2: SINGLE (Line Drive, 34, EV 96.9 MPH)
Batting: LHB Jeff Trapp Pickoff Throw to First - Error! E1
Dave McBain to second
0-0: Ball
1-0: Foul Ball, location: 2F
1-1: Ball
Wild Pitch!
Dave McBain to third
2-1: SINGLE (Groundball, 4MS, EV 69.4 MPH) (infield hit)
Dave McBain scores
Batting: LHB Jim Chalk 0-0: Ball
Jeff Trapp steals 2nd, throwing error, E2
Jeff Trapp to third
1-0: Foul Ball, location: 2F
1-1: Swinging Strike
1-2: Strikes out swinging
Batting: SHB Manny Berrones 0-0: Ground out 6-3 (Groundball, 6, EV 81.9 MPH)
Jeff Trapp scores
Batting: RHB Hector Fernandez 0-0: Called Strike
0-1: Foul Ball, location: 2F
0-2: Ball
1-2: Ball
2-2: Foul Ball, location: 2F
2-2: Fly out, F7 (Flyball, 7LM, EV 86.2 MPH)
Top of the 1st over - 2 runs, 2 hits, 2 errors, 0 left on base; Tri-City 2 - West Virginia 0
BOTTOM OF THE 1ST
West Virginia Black Bears batting - Pitching for Tri-City Dust Devils : RHP Roger Watkins
Pitching: RHP Roger Watkins
Batting: LHB Josh Aerni 0-0: Ball
1-0: DOUBLE (Flyball, 8RXD, EV 98.1 MPH)
Batting: LHB Gregg Kellerman 0-0: Foul Ball, location: 2F
0-1: Ball
1-1: Foul Ball, location: 2F
1-2: Ball
2-2: Foul Ball, location: 2F
2-2: Foul Ball, location: 2F
2-2: Ball
3-2: Foul Ball, location: 2F
3-2: Base on Balls
Batting: RHB Etsuro Hosokawa 0-0: Ball
1-0: Foul Ball, location: 2F
1-1: Called Strike
1-2: Strikes out looking
Batting: LHB Ruben Garza 0-0: Fielders Choice at 2nd, 6-4 (Groundball, 6, EV 107.5 MPH)
Josh Aerni to third
Batting: RHB Brandon White 0-0: Called Strike
0-1: Called Strike
Ruben Garza is caught stealing 2nd base 2-4
Bottom of the 1st over - 0 runs, 1 hit, 0 errors, 1 left on base; Tri-City 2 - West Virginia 0
TOP OF THE 2ND
Tri-City Dust Devils batting - Pitching for West Virginia Black Bears : RHP Tony Ortiz
Batting: RHB Antonio Lara 0-0: Swinging Strike
0-1: Ball
1-1: Called Strike
1-2: Strikes out looking
Batting: RHB Brian DeVoe 0-0: Ball
1-0: Foul Ball, location: 2F
1-1: Swinging Strike
1-2: Strikes out looking
Batting: RHB Eduardo Calderon 0-0: Called Strike
0-1: Ball
1-1: Foul Ball, location: 2F
1-2: Foul Ball, location: 2F
1-2: Ball
2-2: Foul Ball, location: 2F
2-2: Fly out, F7 (Flyball, 7, EV 85.6 MPH)
Top of the 2nd over - 0 runs, 0 hits, 0 errors, 0 left on base; Tri-City 2 - West Virginia 0
BOTTOM OF THE 2ND
West Virginia Black Bears batting - Pitching for Tri-City Dust Devils : RHP Roger Watkins
Batting: RHB Brandon White 0-0: Ground out U3 (Groundball, 34, EV 103.8 MPH)
Batting: RHB Terrence Wilson 0-0: Called Strike
0-1: SINGLE (Groundball, 4MD, EV 81.9 MPH) (infield hit)
Batting: RHB Ken Manser 0-0: Ball
Terrence Wilson steals 2nd, throwing error, E2
Terrence Wilson to third
1-0: Swinging Strike
1-1: Called Strike
1-2: Strikes out swinging
Batting: SHB Ronnie Brooks 0-0: Swinging Strike
0-1: Ball
1-1: Ground out 4-3 (Groundball, 4, EV 98.1 MPH)
Bottom of the 2nd over - 0 runs, 1 hit, 1 error, 1 left on base; Tri-City 2 - West Virginia 0
TOP OF THE 3RD
Tri-City Dust Devils batting - Pitching for West Virginia Black Bears : RHP Tony Ortiz
Batting: RHB Max Stillo 0-0: Called Strike
0-1: Foul Ball, location: 2F
0-2: Strikes out swinging
Batting: RHB Dave McBain 0-0: Called Strike
0-1: Foul Ball, location: 2F
0-2: Ball
1-2: Strikes out swinging
Batting: LHB Jeff Trapp 0-0: Ground out 6-3 (Groundball, 6M, EV 101.9 MPH)
Top of the 3rd over - 0 runs, 0 hits, 0 errors, 0 left on base; Tri-City 2 - West Virginia 0
BOTTOM OF THE 3RD
West Virginia Black Bears batting - Pitching for Tri-City Dust Devils : RHP Roger Watkins
Batting: RHB Alex Arzate 0-0: Ground out 6-3 (Groundball, 6, EV 83.8 MPH)
Batting: LHB Josh Aerni 0-0: Called Strike
0-1: Foul Ball, location: 2F
0-2: Strikes out looking
Batting: LHB Gregg Kellerman 0-0: Called Strike
0-1: Ground out U3 (Groundball, 34S, EV 85.6 MPH)
Bottom of the 3rd over - 0 runs, 0 hits, 0 errors, 0 left on base; Tri-City 2 - West Virginia 0
TOP OF THE 4TH
Tri-City Dust Devils batting - Pitching for West Virginia Black Bears : RHP Tony Ortiz
Batting: LHB Jim Chalk 0-0: Called Strike
0-1: Foul Ball, location: 2F
0-2: Hit by Pitch
Batting: SHB Manny Berrones 0-0: Swinging Strike
0-1: Ball
1-1: Foul Ball, location: 2F
1-2: Ball
Wild Pitch!
Jim Chalk to second
2-2: Strikes out swinging
Batting: RHB Hector Fernandez 0-0: Called Strike
0-1: Ball
1-1: Swinging Strike
1-2: Ball
2-2: Ball
3-2: Foul Ball, location: 2F
3-2: Strikes out swinging
Batting: RHB Antonio Lara 0-0: Ball
1-0: Ball
2-0: Ground out 6-3 (Groundball, 6, EV 83.1 MPH)
Top of the 4th over - 0 runs, 0 hits, 0 errors, 1 left on base; Tri-City 2 - West Virginia 0
BOTTOM OF THE 4TH
West Virginia Black Bears batting - Pitching for Tri-City Dust Devils : RHP Roger Watkins
Batting: RHB Etsuro Hosokawa 0-0: Ball
1-0: Fly out, F8 (Flyball, 8LXD, EV 105.0 MPH)
Batting: LHB Ruben Garza 0-0: Called Strike
0-1: Foul Ball, location: 2F
0-2: Ball
1-2: Strikes out swinging
Batting: RHB Brandon White 0-0: Called Strike
0-1: Ball
1-1: Ball
2-1: Ground out 6-3 (Groundball, 6D, EV 98.8 MPH)
Bottom of the 4th over - 0 runs, 0 hits, 0 errors, 0 left on base; Tri-City 2 - West Virginia 0
TOP OF THE 5TH
Tri-City Dust Devils batting - Pitching for West Virginia Black Bears : RHP Tony Ortiz
Batting: RHB Brian DeVoe 0-0: Ball
1-0: Foul Ball, location: 2F
1-1: Foul Ball, location: 2F
1-2: Strikes out swinging
Batting: RHB Eduardo Calderon 0-0: Ball
1-0: Ball
2-0: Foul Ball, location: 2F
2-1: Called Strike
2-2: Fly out, F8 (Flyball, 8RXD, EV 96.2 MPH)
Batting: RHB Max Stillo 0-0: Called Strike
0-1: Called Strike
0-2: Strikes out swinging
Top of the 5th over - 0 runs, 0 hits, 0 errors, 0 left on base; Tri-City 2 - West Virginia 0
BOTTOM OF THE 5TH
West Virginia Black Bears batting - Pitching for Tri-City Dust Devils : RHP Roger Watkins
Batting: RHB Terrence Wilson 0-0: Swinging Strike
0-1: Foul Ball, location: 2F
0-2: Ball
1-2: Foul Ball, location: 2F
1-2: Ball
2-2: SINGLE (Line Drive, 56, EV 100.6 MPH)
Batting: RHB Ken Manser
Pinch Hitting: LHB Carlos Vega 0-0: Called Strike
0-1: 2-RUN HOME RUN (Flyball, 9D, EV 104.4 MPH), Distance : 391 ft
Batting: SHB Ronnie Brooks 0-0: Ball
1-0: Swinging Strike
1-1: Foul Ball, location: 2F
1-2: Ball
2-2: Foul Ball, location: 2F
2-2: Ball
3-2: Base on Balls
Batting: RHB Alex Arzate 0-0: Ball
1-0: Ball
2-0: Called Strike
2-1: Foul Ball, location: 2F
2-2: Strikes out looking
Batting: LHB Josh Aerni 0-0: Ball
1-0: Fly out, F9 (Flyball, 9LMF, EV 86.9 MPH)
Batting: LHB Gregg Kellerman 0-0: Called Strike
0-1: Ball
1-1: Called Strike
1-2: Ball
2-2: Strikes out swinging
Bottom of the 5th over - 2 runs, 2 hits, 0 errors, 1 left on base; Tri-City 2 - West Virginia 2
TOP OF THE 6TH
Tri-City Dust Devils batting - Pitching for West Virginia Black Bears : RHP Tony Ortiz
Now at 3B: Jaime Dubicki
Batting: RHB Dave McBain 0-0: DOUBLE (Line Drive, 9LM, EV 88.1 MPH)
Batting: LHB Jeff Trapp 0-0: Called Strike
0-1: SINGLE (Line Drive, 56D, EV 95.6 MPH)
Dave McBain to third
Batting: LHB Jim Chalk 0-0: Called Strike
Jeff Trapp steals 2nd base
0-1: Ground out 3-1 (Groundball, 34, EV 103.1 MPH)
Batting: SHB Manny Berrones 0-0: Foul Ball, location: 2F
0-1: Ball
1-1: Called Strike
1-2: TRIPLE (Flyball, 78XD, EV 103.1 MPH)
Dave McBain scores
Jeff Trapp scores
Batting: RHB Hector Fernandez 0-0: SINGLE (Groundball, 56D, EV 98.1 MPH)
Manny Berrones scores
Pitching: RHP Pat Hall
Batting: RHB Antonio Lara 0-0: Called Strike
0-1: Foul Ball, location: 2F
0-2: Foul Ball, location: 2F
0-2: Ball
1-2: Ball
2-2: SINGLE (Groundball, 56D, EV 102.5 MPH)
Hector Fernandez to second
Hector Fernandez to third
Batting: RHB Brian DeVoe Balk!
Hector Fernandez scores
Antonio Lara to second
0-0: Ball
1-0: Foul Ball, location: 2F
1-1: Ball
2-1: Foul Ball, location: 2F
2-2: Ball
3-2: Foul Ball, location: 2F
3-2: Strikes out swinging
Batting: RHB Eduardo Calderon 0-0: Swinging Strike
0-1: Ground out 4-3 (Groundball, 4, EV 94.4 MPH)
Top of the 6th over - 4 runs, 5 hits, 0 errors, 1 left on base; Tri-City 6 - West Virginia 2
BOTTOM OF THE 6TH
West Virginia Black Bears batting - Pitching for Tri-City Dust Devils : RHP Roger Watkins
Batting: RHB Etsuro Hosokawa 0-0: SINGLE (Line Drive, 78S, EV 108.1 MPH)
Batting: LHB Ruben Garza 0-0: Called Strike
0-1: Swinging Strike
0-2: Strikes out swinging
Batting: RHB Brandon White 0-0: Ball
Etsuro Hosokawa steals 2nd base
1-0: Fly out, F7 (Flyball, 78M, EV 77.5 MPH)
Batting: RHB Terrence Wilson 0-0: Ball
1-0: Ball
2-0: Fly out, F9 (Line Drive, 89M, EV 106.2 MPH)
Bottom of the 6th over - 0 runs, 1 hit, 0 errors, 1 left on base; Tri-City 6 - West Virginia 2
TOP OF THE 7TH
Tri-City Dust Devils batting - Pitching for West Virginia Black Bears : RHP Pat Hall
Batting: RHB Max Stillo 0-0: Ball
1-0: Ball
2-0: Swinging Strike
2-1: Foul Ball, location: 2F
2-2: Foul Ball, location: 2F
2-2: Strikes out swinging
Pitching: RHP Frank Morris
Batting: RHB Dave McBain 0-0: Ball
1-0: Ball
2-0: Called Strike
2-1: SINGLE (Groundball, 25, EV 63.1 MPH) (infield hit)
Batting: LHB Jeff Trapp 0-0: Ball
Dave McBain steals 2nd base
1-0: Called Strike
1-1: Swinging Strike
1-2: Ball
2-2: Ball
3-2: Strikes out swinging
Batting: LHB Jim Chalk 0-0: Called Strike
0-1: Swinging Strike
0-2: Fly out, F7 (Flyball, 7, EV 88.1 MPH)
Top of the 7th over - 0 runs, 1 hit, 0 errors, 1 left on base; Tri-City 6 - West Virginia 2
BOTTOM OF THE 7TH
West Virginia Black Bears batting - Pitching for Tri-City Dust Devils : RHP Roger Watkins
Pitching: RHP Moby Cock
Batting: RHB Jaime Dubicki 0-0: Ball
1-0: Swinging Strike
1-1: Called Strike
1-2: Ball
2-2: Foul Ball, location: 2F
2-2: Strikes out swinging
Batting: SHB Ronnie Brooks 0-0: Ball
1-0: Called Strike
1-1: Ground out U3 (Groundball, 3S, EV 87.5 MPH)
Batting: RHB Alex Arzate 0-0: Ball
1-0: Swinging Strike
1-1: Swinging Strike
1-2: Strikes out swinging
Bottom of the 7th over - 0 runs, 0 hits, 0 errors, 0 left on base; Tri-City 6 - West Virginia 2
TOP OF THE 8TH
Tri-City Dust Devils batting - Pitching for West Virginia Black Bears : RHP Frank Morris
Batting: SHB Manny Berrones 0-0: Ball
1-0: Ball
2-0: Called Strike
2-1: Swinging Strike
2-2: Ball
3-2: SOLO HOME RUN (Flyball, 7D, EV 103.8 MPH), Distance : 404 ft
Batting: RHB Hector Fernandez 0-0: Called Strike
0-1: Foul Ball, location: 2F
0-2: Foul Ball, location: 2F
0-2: Foul Ball, location: 2F
0-2: SINGLE (Groundball, 56D, EV 107.5 MPH)
Pitching: LHP Juan Villegas
Batting: RHB Antonio Lara 0-0: Called Strike
0-1: Foul Ball, location: 2F
0-2: Hit by Pitch
Hector Fernandez to second
Batting: RHB Brian DeVoe 0-0: Ball
1-0: Ball
2-0: Called Strike
2-1: Ball
3-1: Foul Ball, location: 2F
3-2: Foul Ball, location: 2F
3-2: SINGLE (Groundball, 23, EV 64.4 MPH) (infield hit)
Hector Fernandez to third
Antonio Lara to second
Batting: RHB Eduardo Calderon 0-0: Called Strike
0-1: Foul Ball, location: 2F
0-2: Strikes out looking
Batting: RHB Max Stillo 0-0: Swinging Strike
0-1: Ball
1-1: Ball
2-1: Foul Ball, location: 2F
2-2: Strikes out looking
Batting: RHB Dave McBain 0-0: Called Strike
0-1: Hit by Pitch
Hector Fernandez scores
Antonio Lara to third
Brian DeVoe to second
Batting: LHB Jeff Trapp 0-0: Ball
1-0: Foul Ball, location: 2F
1-1: Swinging Strike
1-2: Strikes out swinging
Top of the 8th over - 2 runs, 3 hits, 0 errors, 3 left on base; Tri-City 8 - West Virginia 2
BOTTOM OF THE 8TH
West Virginia Black Bears batting - Pitching for Tri-City Dust Devils : RHP Moby Cock
Batting: LHB Josh Aerni 0-0: Called Strike
0-1: Swinging Strike
0-2: Strikes out swinging
Batting: LHB Gregg Kellerman 0-0: Ball
1-0: Called Strike
1-1: Called Strike
1-2: Ball
2-2: DOUBLE (Flyball, 89XD, EV 91.2 MPH)
Batting: RHB Etsuro Hosokawa 0-0: Called Strike
0-1: Ball
1-1: Ball
2-1: Ball
3-1: Foul Ball, location: 2F
3-2: Base on Balls
Batting: LHB Ruben Garza 0-0: Ball
1-0: Foul Ball, location: 2F
1-1: Ball
2-1: Called Strike
2-2: Foul Ball, location: 2F
2-2: Ball
3-2: Base on Balls
Gregg Kellerman to third
Etsuro Hosokawa to second
Pitching: RHP Tony Black
Batting: RHB Brandon White 0-0: Ball
1-0: Called Strike
1-1: Ball
2-1: Ball
3-1: Base on Balls
Gregg Kellerman scores
Etsuro Hosokawa to third
Ruben Garza to second
Pinch Hitting: LHB Tomohiro Yokoyama 0-0: Foul Ball, location: 2F
0-1: Swinging Strike
0-2: Strikes out swinging
Batting: RHB Jaime Dubicki 0-0: Ball
1-0: Ball
2-0: Fielders Choice at 2nd, 6-4 (Groundball, 6MD, EV 90.0 MPH)
Bottom of the 8th over - 1 run, 1 hit, 0 errors, 3 left on base; Tri-City 8 - West Virginia 3
TOP OF THE 9TH
Tri-City Dust Devils batting - Pitching for West Virginia Black Bears : LHP Juan Villegas
Now in CF: Perry Dominey
Batting: LHB Jim Chalk 0-0: Ball
1-0: Ball
2-0: Called Strike
2-1: Ground out 6-3 (Groundball, 6, EV 86.2 MPH)
Batting: SHB Manny Berrones 0-0: Ball
1-0: Fly out, F8 (Line Drive, 8RM, EV 88.1 MPH)
Batting: RHB Hector Fernandez 0-0: Hit by Pitch
Batting: RHB Antonio Lara 0-0: Foul Ball, location: 2F
0-1: Reached on error, E6 (Groundball, 6M, EV 86.2 MPH)
Hector Fernandez to second
Batting: RHB Brian DeVoe 0-0: Ball
1-0: Ball
2-0: Ball
3-0: Called Strike
3-1: Reached on error, E5 (Groundball, 56S, EV 83.8 MPH)
Hector Fernandez to third
Antonio Lara to second
Pitching: RHP Hitoshi Yoshihara
Batting: RHB Eduardo Calderon 0-0: Ball
1-0: Ball
Wild Pitch!
Hector Fernandez scores
Antonio Lara to third
Brian DeVoe to second
2-0: Called Strike
2-1: Foul Ball, location: 2F
2-2: Strikes out swinging
Top of the 9th over - 1 run, 0 hits, 2 errors, 2 left on base; Tri-City 9 - West Virginia 3
BOTTOM OF THE 9TH
West Virginia Black Bears batting - Pitching for Tri-City Dust Devils : RHP Tony Black
Batting: SHB Ronnie Brooks 0-0: Ball
1-0: Swinging Strike
1-1: Ball
2-1: Swinging Strike
2-2: Foul Ball, location: 2F
2-2: Strikes out swinging
Batting: RHB Alex Arzate 0-0: Ball
1-0: Ball
2-0: SINGLE (Line Drive, 56D, EV 94.4 MPH)
Batting: LHB Josh Aerni 0-0: Called Strike
0-1: Ball
1-1: Ball
2-1: Foul Ball, location: 2F
2-2: DOUBLE (Line Drive, 89D, EV 110.0 MPH)
Alex Arzate to third
Batting: LHB Gregg Kellerman 0-0: Ball
1-0: SINGLE (Groundball, 4MD, EV 97.5 MPH)
Alex Arzate scores
Josh Aerni to third
Batting: RHB Etsuro Hosokawa 0-0: Called Strike
0-1: Called Strike
0-2: Ball
1-2: Strikes out swinging
Batting: LHB Ruben Garza 0-0: Ball
1-0: Ball
2-0: Called Strike
2-1: Foul Ball, location: 2F
2-2: Ball
3-2: Strikes out swinging
Bottom of the 9th over - 1 run, 3 hits, 0 errors, 2 left on base; Tri-City 9 - West Virginia 4
Tuesday, March 28th , 2023 - OOTP Baseball 23.10 Build 110